 Dungeon Crawl Stone Soup version 0.29.1-2-gbd0b4ee654 (webtiles) character file.

Game seed: 11582394721973838306

16858 DildoBatman the Geomancer (level 12, -3/89 HPs)
             Began as a Formicid Conjurer on Oct 24, 2022.
             Was an Elder of Kikubaaqudgha.
             Killed from afar by a smoke demon (8 damage)
             ... with a sticky flame
             ... summoned by an orc high priest
             ... on level 2 of the Orcish Mines.
             The game lasted 01:00:45 (11540 turns).

DildoBatman the Geomancer (Formicid Conjurer)      Turns: 11540, Time: 01:00:46

Health: -3/89      AC:  8    Str: 17    XL:     12   Next: 75%
Magic:  11/21      EV: 13    Int: 18    God:    Kikubaaqudgha [****..]
Gold:   888        SH: 11    Dex: 17    Spells: 9/23 levels left

rFire   . . .      SeeInvis +   a - +7 flail "Conservator" {spect, rN+++ rCorr}
rCold   . . .      Faith    .   h - +0 kite shield
rNeg    + + +      Spirit   .   o - +0 troll leather armour
rPois   +          Reflect  .   (helmet unavailable)
rElec   .          Harm     .   P - +2 ratskin cloak {*Rats rPois rN+ Str-1 Int-1 Dex+1}
rCorr   +          Rampage  .   (no gloves)
Will    +....                   (no boots)
Stlth   +.........              m - amulet of magic regeneration
HPRegen 1.84/turn               Y - +6 ring of strength
MPRegen 0.57/turn               N - ring of flight

@: on fire, flying, glowing
A: permanent stasis, dig shafts and tunnels, antennae 3, four strong arms,
talons 1, regeneration 1
a: Dig, Shaft Self, Renounce Religion, Unearth Wretches


You were on level 2 of the Orcish Mines.
You worshipped Kikubaaqudgha.
Kikubaaqudgha was greatly pleased with you.
You visited 3 branches of the dungeon, and saw 14 of its levels.
You also visited: Sewer.

You collected 996 gold pieces.
You spent 108 gold pieces at shops.

Inventory:

Hand Weapons
 a - the +7 flail "Conservator" (weapon) {spect, rN+++ rCorr}
   (You found it on level 6 of the Dungeon)

   When its wielder attacks, the weapon's spirit leaps out and strikes again.
   The spirit shares a part of any damage it takes with its wielder.
   rN:        It renders you almost immune to negative energy.
   rCorr:     It protects you from acid and corrosion.
 c - a +0 sling
 d - a +5 falchion
 e - the +5 arbalest "Rozubb" {vorpal, Drain rN+ Will++}
   (You found it on level 3 of the Dungeon)

   Any ammunition fired from it inflicts extra damage upon your enemies.
   rN:        It protects you from negative energy.
   Drain:     It drains your maximum health when unequipped.
   Will:      It greatly increases your willpower.
Missiles
 f - 28 poisoned darts (quivered)
 r - 105 stones
 x - 5 atropa-tipped darts
 Z - a curare-tipped dart
Armour
 h - a +0 kite shield (worn)
 o - a +0 troll leather armour (worn)
 p - the +4 scale mail of the Serpent {rElec rN+}
   (You found it on level 5 of the Dungeon)

   rElec:     It insulates you from electricity.
   rN:        It protects you from negative energy.
 v - the +18 Lear's hauberk
   (You found it on level 2 of the Dungeon)
 P - the +2 ratskin cloak (worn) {*Rats rPois rN+ Str-1 Int-1 Dex+1}
   (You found it on level 7 of the Dungeon)

   When the wearer is hurt, rats may emerge from it to assist them.
   Str:       It affects your strength (-1).
   Int:       It affects your intelligence (-1).
   Dex:       It affects your dexterity (+1).
   rPois:     It protects you from poison.
   rN:        It protects you from negative energy.
 U - a +1 robe of willpower
Jewellery
 g - an amulet of reflection
 j - a ring of ice
 m - an amulet of magic regeneration (around neck)
 G - an amulet of the acrobat
 N - a ring of flight (right hand)
 Y - a +6 ring of strength (left hand)
Wands
 H - a wand of quicksilver (9)
 T - a wand of iceblast (10)
Scrolls
 q - 4 scrolls of poison
 t - a scroll of enchant armour {unknown}
 u - a scroll of acquirement
 A - 2 scrolls of enchant weapon
 B - 2 scrolls of immolation
 D - a scroll of torment
 I - 2 scrolls of fear
 K - 5 scrolls of butterflies
 Q - a scroll of amnesia {unknown}
 R - a scroll of blinking {unknown}
Potions
 b - a potion of cancellation {unknown}
 i - a potion of magic
 k - 2 potions of heal wounds
 l - a potion of invisibility {unknown}
 n - a potion of experience {unknown}
 s - a potion of flight {unknown}
 w - a potion of mutation
 y - 6 potions of curing
 F - 5 potions of lignification
 J - 2 potions of resistance
 L - 3 potions of might {unknown}
 O - 4 potions of brilliance
 X - 2 potions of degeneration {unknown}


   Skills:
 - Level 6.4 Fighting
 - Level 6.4 Armour
 - Level 4.4 Dodging
 - Level 2.4 Stealth
 - Level 9.0 Shields
 - Level 6.0 Spellcasting
 - Level 6.0 Conjurations
 - Level 8.4 Necromancy
 - Level 8.0 Ice Magic
 * Level 10.2 Earth Magic


You had 9 spell levels left.
You knew the following spells:

 Your Spells              Type           Power      Damage    Failure   Level
a - Searing Ray           Conj           54%        2d6       3%          2
b - Frozen Ramparts       Ice            68%        1d11      3%          3
c - Magic Dart            Conj           100%       1d8       2%          1
d - Vampiric Draining     Necr           35%        2d8       2%          3
e - Borgnjor's Vile Clut  Necr/Erth      19%        N/A       17%         5

Your spell library contained the following spells:

 Spells                   Type           Power      Damage    Failure   Level
 Freeze                   Ice            100%       1d11      1%          1
 Necrotise                Necr           100%       1d9       1%          1
 Animate Dead             Necr           35%        N/A       9%          4
 Hailstorm                Conj/Ice       30%        3d8       16%         4
 Dazzling Flash           Conj/Hex       32%        N/A       24%         3
 Agony                    Necr           35%        N/A       24%         5
 Apportation              Tloc           10%        N/A       26%         1
 Sting                    Tmut/Pois      20%        1d4       26%         1
 Poisonous Vapours        Pois/Air       10%        N/A       38%         2
 Anguish                  Hex/Necr       10%        N/A       43%         4
 Fulminant Prism          Conj/Hex       8%         3d7       61%         4
 Iskenderun's Mystic Bla  Conj/Tloc      16%        2d5       61%         4
 Teleport Other           Tloc           5%         N/A       63%         3
 Corpse Rot               Necr/Pois/Air  15%        N/A       65%         4
 Death Channel            Necr           17%        N/A       78%         6
 Simulacrum               Ice/Necr       17%        N/A       82%         6
 Olgreb's Toxic Radiance  Pois           5%         N/A       95%         4
 Summon Forest            Summ/Tloc      2%         N/A       100%        5


Dungeon Overview and Level Annotations

Branches:
Dungeon (11/15)            Temple (1/1) D:4            Lair (0/5) D:11
    Orc (2/2) D:11            Elf (0/3) Orc:2         Sewer (visited)

Altars:
Ashenzari
Cheibriados
Dithmenos
Elyvilon
Fedhas
Gozag
Hepliaklqana
Kikubaaqudgha
Makhleb
Nemelex Xobeh
Okawaru
Qazlal
Ru
Sif Muna
Trog
Uskayaw
Vehumet
Wu Jian
Xom
Yredelemnul
Zin
The Shining One

Shops:
Orc:1 ?   Orc:2 *!

Annotations:
D:11 exclusion: 2 oklob plants


Innate Abilities, Weirdness & Mutations

You cannot be hasted, slowed, berserked, paralysed or teleported.
You can dig through walls and to a lower floor.
You have a pair of large antennae on your head. (SInv)
Your four strong arms can wield two-handed weapons with a shield.
You have sharp toenails.
Your natural rate of healing is unusually fast.


Message History

Aiming: Searing Ray (safe; 3% risk of failure)
Press: ? - help, Shift-Dir - straight line, f/p - orc high priest
Aim: an orc high priest, wielding a +0 short sword (severely wounded, 74% to hit)
The searing ray misses the hellwing.
The searing ray hits the orc high priest.
The orc high priest is almost dead. (Press . to maintain the ray.)
The orc priest calls down the wrath of Beogh upon you.
You resist with significant effort.
The orc high priest mumbles some strange prayers to Beogh against you.
Beogh smites you!
A river rat scurries out from under your cloak.
The smoke demon gestures at you. Beogh smites you!
You block the hellwing's attack. The hellwing hits you.
The searing ray misses the hellwing.
The searing ray hits the orc high priest.
The orc high priest is almost dead.
The orc priest invokes the aid of Beogh against you.
You are unaffected.
Your river rat barely misses the orc priest.
The smoke demon hits you. The smoke demon completely misses you.
The smoke demon hits you. You block the hellwing's attack.
The hellwing hits you.
The searing ray hits the hellwing!
The hellwing is moderately wounded.
The searing ray hits the orc high priest!
The orc high priest is almost dead.
The orc priest hits you with a +0 dagger.
Your river rat bites the orc priest!
The orc priest dies!
Kikubaaqudgha accepts your kill. The smoke demon gestures at you.
The sticky flame hits you!
You are covered in liquid flames!
You die...
Kikubaaqudgha rasps: "You have failed me!
Welcome... death!"

,,,,,,,,,,,...#.....#############
**,,,,,,,,,......................
,,,,,,,,,,,,..........)).........
,,,,,,,,,,,,.######..###)###.####
,,,,,,,,,,,,,#∩...#..# #.# #.#
,,,,,,,,,,,,,#....#..###(###.####
,,,,,,,,,..,,*....#..).))........
>,,,,,,,,....###3##...)......###.
,,,,,,,,,...).o4@)r...8...8..# #.
,,,,,,,,,....###'##.......)..# #.
,,,,,,,,,.,,,#..).#..###'###.###.
,,,,,,,,,,,,,#....#..#.....#.....
,,,,,,,,,,,,,#....#..#.....#.###.
,,,,,,,,,,,,,#∩...#..#.,_..#.# #.
,,,,,,,,,,,,,######..#***###.###.
*,,,,,,,,,,,,,,,,,....,,,,,......
,,,,,,,,,,,,,,,,,,,,,,,,,,,......


You could see an orc high priest (ally target), a hellwing (summoned), a smoke
demon (summoned) and a friendly river rat.

Vanquished Creatures
  Snorg (D:10)
  A two-headed ogre (D:9)
  6 orc high priests (Orc:2)
  Pikel (D:6)
  An orc sorcerer (Orc:2)
  2 cyclopes
  A gargoyle (D:11)
  2 trolls
  Sigmund (D:5)
  A shadow (D:11)
  A wyvern (D:8)
  3 yaks (D:9)
  Eustachio (D:4)
  Grum (D:8)
  2 steam dragons
  4 wargs (Orc:2)
  3 acid dragons (D:11)
  Duvessa (D:6)
  A water moccasin (D:4)
  Pargi (Sewer)
  9 orc warriors
  A black bear (D:6)
  3 ice beasts
  2 sky beasts (D:6)
  2 wolves (D:8)
  4 centaurs
  4 ogres
  3 lemures
  A phantom (D:4)
  2 kobold brigands
  Blork the orc (D:4)
  A necrophage (D:5)
  4 bullfrogs
  A gnoll sergeant (D:9)
  2 scorpions
  20 wights
  Dowan (D:6)
  15 killer bees
  A howler monkey (D:4)
  36 orc priests
  4 hounds
  A jelly (D:6)
  2 gnoll boudas
  Terence (D:2)
  2 iguanas (D:5)
  9 orc wizards
  Robin (D:4)
  21 gnolls
  4 adders
  2 river rats (D:3)
  2 shadow imps
  4 white imps
  2 ufetubi (D:5)
  2 worms (D:3)
  3 dart slugs
  86 orcs
  2 bats (D:1)
  4 endoplasms
  4 giant cockroaches
  13 goblins
  10 hobgoblins
  4 quokkas
  10 ball pythons
  5 frilled lizards
  23 kobolds
  2 rats
371 creatures vanquished.

Vanquished Creatures (collateral kills)
  A two-headed ogre (D:10)
  A killer bee (D:11)
  2 orc priests (Orc:2)
4 creatures vanquished.

Vanquished Creatures (others)
  10 fungi (D:4)
  5 plants
15 creatures vanquished.

Grand Total: 390 creatures vanquished

Notes
Turn   | Place    | Note
-------+----------+-------------------------------------------
     0 | D:1      | DildoBatman the Formicid Conjurer began the quest for the
                  | Orb.
     0 | D:1      | Reached XP level 1. HP: 13/13 MP: 3/3
   184 | D:1      | Reached XP level 2. HP: 13/20 MP: 0/5
   187 | D:1      | Learned a level 2 spell: Searing Ray
   251 | D:1      | Reached skill level 1 in Armour
   292 | D:1      | Reached skill level 1 in Fighting
   303 | D:1      | Found a faded altar of an unknown god.
   908 | D:1      | Reached XP level 3. HP: 24/26 MP: 0/6
  1141 | D:2      | Found the +18 Lear's hauberk
  1340 | D:2      | Reached XP level 4. HP: 32/32 MP: 3/7
  1478 | D:3      | Identified a scroll of acquirement
  1502 | D:3      | Found a burning altar of Makhleb.
  1540 | D:3      | Noticed an ice beast
  1596 | D:3      | Found a glowing drain.
  1646 | D:3      | Reached skill level 5 in Conjurations
  1648 | D:3      | Found an ornate altar of the Wu Jian Council.
  1678 | D:3      | Identified the +5 arbalest "Rozubb" {vorpal, Drain rN+
                  | Will++}
  1775 | Sewer    | Entered a sewer
  1822 | Sewer    | Noticed Pargi
  1829 | Sewer    | Killed Pargi
  1830 | Sewer    | Reached XP level 5. HP: 21/37 MP: 1/8
  1830 | Sewer    | Reached XP level 6. HP: 25/43 MP: 1/9
  2045 | D:3      | Noticed Terence
  2129 | D:2      | Killed Terence
  2253 | D:3      | Killed an ice beast
  2577 | D:4      | Found a blossoming altar of Fedhas.
  2577 | D:4      | Noticed Blork the orc
  2702 | D:4      | Reached XP level 7. HP: 44/50 MP: 5/11
  2833 | D:4      | Noticed Robin
  2838 | D:4      | Killed Robin
  3113 | D:4      | Noticed Eustachio
  3233 | D:4      | Found a staircase to the Ecumenical Temple.
  3239 | Temple   | Entered the Ecumenical Temple
  3258 | D:4      | Noticed a water moccasin
  3299 | D:5      | Entered Level 5 of the Dungeon
  3305 | D:5      | Identified the +4 scale mail of the Serpent {rElec rN+}
  3350 | D:5      | Reached XP level 8. HP: 58/58 MP: 6/13
  3354 | D:5      | Learned a level 3 spell: Frozen Ramparts
  3459 | D:5      | Reached skill level 1 in Ice Magic
  3716 | D:5      | Found an iron altar of Okawaru.
  4194 | D:5      | Found a glowing silver altar of Zin.
  4357 | D:4      | HP: 2/58 [Blork the orc/+0 halberd (10)]
  4768 | D:6      | Noticed Sigmund
  4838 | D:6      | Reached skill level 5 in Fighting
  4838 | D:6      | Reached skill level 5 in Armour
  4849 | D:6      | Identified the +7 flail "Conservator" {spect, rN+++ rCorr}
  4861 | D:6      | Noticed Duvessa
  4861 | D:6      | Noticed Dowan
  5003 | D:6      | Reached XP level 9. HP: 68/68 MP: 11/15
  5060 | D:6      | Reached skill level 5 in Ice Magic
  5090 | D:6      | Found a snail-covered altar of Cheibriados.
  5508 | D:6      | Reached skill level 5 in Spellcasting
  5724 | D:6      | Noticed Pikel
  5924 | D:7      | Found the +2 ratskin cloak {*Rats rPois rN+ Str-1 Int-1
                  | Dex+1}
  6509 | D:7      | Found a sacrificial altar of Ru.
  6570 | D:8      | Reached XP level 10. HP: 67/74 MP: 14/19
  6894 | D:8      | Noticed Grum
  6919 | D:8      | Killed Grum
  7026 | D:8      | Found a broken altar of Ashenzari.
  7386 | D:6      | Killed Pikel
  7726 | D:9      | Found an ancient bone altar of Kikubaaqudgha.
  7726 | D:9      | Found a shimmering altar of Xom.
  7730 | D:9      | Became a worshipper of Kikubaaqudgha
  7865 | D:6      | Reached skill level 1 in Shields
  7917 | D:5      | Killed Sigmund
  7962 | D:4      | Killed Eustachio
  7974 | D:4      | Killed Blork the orc
  8091 | D:6      | Killed Dowan
  8091 | D:6      | Killed Duvessa
  8179 | D:9      | Noticed a two-headed ogre
  8240 | D:9      | Reached skill level 5 in Shields
  8249 | D:9      | Got the Almanac of Topological Blasphemous Mysteries
  8254 | D:9      | Learned a level 3 spell: Vampiric Draining
  8401 | D:9      | Reached XP level 11. HP: 64/83 MP: 3/20
  8651 | D:9      | Reached * piety under Kikubaaqudgha
  8651 | D:9      | Received a gift from Kikubaaqudgha
  8927 | D:10     | Entered Level 10 of the Dungeon
  9107 | D:10     | Noticed Snorg
  9115 | D:10     | Killed Snorg
  9148 | D:10     | Found an opulent altar of Gozag.
  9149 | D:10     | Noticed a two-headed ogre
  9153 | D:10     | Killed a two-headed ogre
  9358 | D:9      | Killed a two-headed ogre
  9359 | D:9      | Reached skill level 5 in Necromancy
  9498 | D:10     | Gained mutation: You passively map a small area around you.
                  | [potion of mutation]
  9499 | D:10     | Lost mutation: You passively map a small area around you.
                  | [potion of mutation]
  9499 | D:10     | Gained mutation: Your natural rate of healing is unusually
                  | fast. [potion of mutation]
  9499 | D:10     | Gained mutation: You have sharp toenails. [potion of
                  | mutation]
  9661 | D:11     | Noticed a cyclops
  9714 | D:11     | Reached ** piety under Kikubaaqudgha
  9761 | D:11     | Found a staircase to the Orcish Mines.
  9909 | D:11     | Killed a cyclops
 10017 | D:11     | Noticed an oklob plant
 10250 | D:11     | Found a staircase to the Lair.
 10256 | D:11     | Noticed an oklob plant
 10608 | Orc:1    | Entered Level 1 of the Orcish Mines
 10850 | Orc:1    | Found Aruf's Magic Scroll Boutique.
 10858 | Orc:1    | Bought a scroll of noise for 12 gold pieces
 10858 | Orc:1    | Bought a scroll of identify for 24 gold pieces
 10858 | Orc:1    | Bought a scroll of immolation for 48 gold pieces
 10858 | Orc:1    | Bought a scroll of identify for 24 gold pieces
 10919 | Orc:2    | Entered Level 2 of the Orcish Mines
 11014 | Orc:2    | Reached *** piety under Kikubaaqudgha
 11014 | Orc:2    | Received a gift from Kikubaaqudgha
 11015 | Orc:2    | Reached XP level 12. HP: 80/88 MP: 21/21
 11037 | Orc:2    | Learned a level 5 spell: Borgnjor's Vile Clutch
 11048 | Orc:2    | Reached skill level 1 in Earth Magic
 11081 | Orc:2    | Noticed an orc high priest
 11106 | Orc:2    | Reached skill level 2 in Earth Magic
 11124 | Orc:2    | Reached skill level 3 in Earth Magic
 11127 | Orc:2    | Reached skill level 4 in Earth Magic
 11140 | Orc:2    | Noticed an orc high priest
 11146 | Orc:2    | Killed an orc high priest
 11147 | Orc:2    | Reached skill level 5 in Earth Magic
 11151 | Orc:2    | Noticed an orc high priest
 11162 | Orc:2    | Killed an orc high priest
 11163 | Orc:2    | Reached skill level 6 in Earth Magic
 11178 | Orc:2    | Killed an orc high priest
 11179 | Orc:2    | Reached skill level 7 in Earth Magic
 11207 | Orc:2    | Reached skill level 8 in Earth Magic
 11210 | Orc:2    | Reached **** piety under Kikubaaqudgha
 11340 | Orc:2    | Noticed an orc high priest
 11352 | Orc:2    | Killed an orc high priest
 11464 | Orc:2    | Noticed an orc high priest
 11477 | Orc:2    | Killed an orc high priest
 11478 | Orc:2    | Reached skill level 9 in Earth Magic
 11488 | Orc:2    | Noticed an orc high priest
 11503 | Orc:2    | Killed an orc high priest
 11512 | Orc:2    | Reached skill level 10 in Earth Magic
 11522 | Orc:2    | Found Eminoif's Assorted Antiques.
 11522 | Orc:2    | Found Otyalorph's Distillery.
 11525 | Orc:2    | Noticed an orc high priest
 11540 | Orc:2    | Killed from afar by a smoke demon

Illustrated notes

Levels and vault maps discovered:
D:1:      amcnicky_arrival_blooded_trapdoor, layout_basic,
          shapermc_ecumenical_altar_notcrosses, minmay_distorted
D:2:      layout_basic, grunt_ministairs_11
D:3:      layout_loops_ring, lightli_temple_of_fire, nzn_wu_jian_contemplation,
          cheibrodos_sewer_entry_sluice, uniq_terence
D:4:      layout_basic, fedhas_altar_3, minmay_temple_entry_enclosed_plants,
          uniq_eustachio, uniq_robin, uniq_blork_the_orc
D:5:      layout_layer_cave, lemuel_coloured_pillars_altar, zin_scriptorium,
          kennysheep_generic_room_16
D:6:      layout_gridville, mainiacjoe_overflow_six_doors_small, uniq_duvessa,
          uniq_pikel, uniq_sigmund
D:7:      layout_cave_pools, nicolae_ru_sacrificial_ziggurat
D:8:      layout_loops_ring, evilmike_ruin_ashenzari, uniq_grum
D:9:      layout_cave_pools, gammafunk_temple_overflow_elements
D:10:     layout_gridville, mainiacjoe_overflow_24_doors, uniq_snorg
D:11:     layout_long_grid, dpeg_oklobed_lair, david_orc_5
Temple:   minmay_freezing_vapour_temple
Orc:1:    layout_caves, serial_shops, nicolae_lakefront_shop,
          hellmonk_bongcloud_opening
Orc:2:    st_orc_town, layout_diamond_mine

Skill      XL: |  1  2  3  4  5  6  7  8  9 10 11 12 |
---------------+-------------------------------------+-----
Dodging        | 2 3 4 |  4.4
Armour         | 1 2 3 5 6 |  6.4
Fighting       | 1 2 3 5 6 |  6.4
Conjurations   | 4 5 6 |  6.0
Spellcasting   | 3 4 6 |  6.0
Ice Magic      | 3 7 8 |  8.0
Shields        | 7 9 |  9.0
Necromancy     | 8 |  8.4
Earth Magic    | 10 | 10.2
Stealth        | |  2.4

Action                   |  1- 3 |  4- 6 |  7- 9 | 10-12 || total
-------------------------+-------+-------+-------+-------++-------
Melee: Whip              |     6 |       |       |       ||     6
       Dagger            |    11 |       |       |       ||    11
       Spear             |     4 |       |       |       ||     4
       Flail             |       |       |     1 |   138 ||   139
       Kick              |       |       |       |    46 ||    46
 Fire: Sling             |       |     9 |     7 |       ||    16
 Cast: Magic Dart        |    36 |    29 |   116 |    50 ||   231
       Searing Ray       |     5 |    24 |    68 |    87 ||   184
       Frozen Ramparts   |       |       |    23 |    61 ||    84
       Vampiric Draining |       |       |       |    12 ||    12
 Abil: Dig               |       |       |     7 |     3 ||    10
  Use: Scroll            |       |     3 |     3 |    16 ||    22
       Potion            |       |       |       |     2 ||     2
 Stab: Sleeping          |     1 |       |       |     1 ||     2
       Distracted        |       |       |       |     2 ||     2
Armor: Robe              |     3 |     8 |    20 |    22 ||    53
       Troll leather arm |       |       |       |    18 ||    18
Dodge: Dodged            |    25 |    33 |   103 |   113 ||   274
Block: Kite shield       |       |       |       |   138 ||   138
